 Dungeon Crawl Stone Soup version 0.21-a0-625-g1119ec1 (webtiles) character file.

54123 Megalobster the Grappler (level 14, -3/140 HPs)
             Began as a Troll Monk on Dec 24, 2017.
             Was the Champion of Okawaru.
             Slain by Donald
             ... wielding a +0 long sword
              (42 damage)
             ... on level 1 of the Orcish Mines.
             The game lasted 01:31:13 (20284 turns).

Megalobster the Grappler (Troll Monk)              Turns: 20284, Time: 01:31:14

Health: -3/140     AC: 12    Str: 25    XL:     14   Next: 33%
Magic:  18/18      EV: 18    Int:  6    God:    Okawaru [******]
Gold:   1287       SH:  3    Dex: 13    Spells: 13/13 levels left

rFire    + . .     SeeInvis .     - Unarmed
rCold    . . .     Gourm    +   (no shield)
rNeg     . . .     Faith    .   I - +2 robe {MR+}
rPois    +         Spirit   .   U - +2 hat
rElec    .         Reflect  +   e - +2 cloak {rPois}
rCorr    .         Harm     .   (gloves unavailable)
MR       ++...                  (boots unavailable)
Stlth    ++........             E - +3 amulet of reflection
HPRegen  0.73/turn              u - +3 ring of evasion
MPRegen  0.16/turn              y - ring of protection from fire

@: no status effects
A: large, unfitting armour, claws 3, fast metabolism 3, gourmand, regeneration
1, shaggy fur 1, tough skin 2
a: Heroism, Finesse, Renounce Religion


You were on level 1 of the Orcish Mines.
You worshipped Okawaru.
Okawaru was exalted by your worship.
You were completely stuffed.

You visited 4 branches of the dungeon, and saw 20 of its levels.
You also visited: Bailey.

You collected 1984 gold pieces.
You spent 697 gold pieces at shops.

Inventory:

Missiles
 c - 5 javelins of returning
 j - 23 tomahawks of returning (quivered)
 l - 4 exploding tomahawks
 m - 17 tomahawks
 x - 4 javelins
 D - a throwing net
 G - 12 steel javelins
 K - 13 poisoned javelins
 N - 14 large rocks
Armour
 e - a +2 cloak of poison resistance (worn)
 I - a +2 robe of magic resistance (worn)
 U - a +2 hat (worn)
Jewellery
 k - an uncursed amulet of the gourmand {unknown}
 u - a +3 ring of evasion (left claw)
 y - a ring of protection from fire (right claw)
 E - a +3 amulet of reflection (around neck)
Wands
 a - a wand of iceblast (24)
 g - a wand of scattershot (10)
 B - a wand of paralysis (16)
 H - a wand of acid (15)
 R - a wand of flame (30)
Scrolls
 d - 6 scrolls of magic mapping
 f - a scroll of blinking
 h - 2 scrolls of fog
 q - 10 scrolls of remove curse
 r - 5 scrolls of teleportation
 s - 2 scrolls of immolation
 v - 4 scrolls of enchant armour
 A - 6 scrolls of fear
 C - 2 scrolls of amnesia {unknown}
 J - a scroll of brand weapon {unknown}
 L - a scroll of enchant weapon {unknown}
 O - a scroll of torment {unknown}
 Q - a scroll of vulnerability {unknown}
Potions
 i - 4 potions of brilliance
 n - a potion of cancellation
 o - a potion of resistance
 p - 6 potions of curing
 w - 2 potions of magic
 z - 3 potions of lignification
 P - 2 potions of heal wounds
 S - a potion of ambrosia
 W - 4 potions of agility
 X - a potion of flight
 Y - 4 potions of mutation
Miscellaneous
 F - a phial of floods
Comestibles
 b - 38 rations
 t - 2 chunks of flesh


   Skills:
 + Level 9.2 Fighting
 * Level 11.0 Throwing
 + Level 2.3 Armour
 + Level 9.2 Dodging
 - Level 1.0 Stealth
 * Level 14.3 Unarmed Combat
 - Level 7.9 Invocations


You had 13 spell levels left.
You didn't know any spells.

Dungeon Overview and Level Annotations

Branches:
Dungeon (11/15)            Temple (1/1) D:6            Lair (6/6) D:10
 Shoals (0/4) Lair:3       Spider (0/4) Lair:3        Slime (0/5) Lair:6
    Orc (2/2) D:11
    Elf: Orc:2

Altars:
Ashenzari
Cheibriados
Dithmenos
Elyvilon
Fedhas
Gozag
Hepliaklqana
Kikubaaqudgha
Makhleb
Nemelex Xobeh
Okawaru
Qazlal
Ru
Sif Muna
Trog
Uskayaw
Vehumet
Wu Jian
Xom
Yredelemnul
Zin
The Shining One
Jiyva

Shops:
D:4 }   D:6 (   D:7 ?   D:10 !%(}

Annotations:
Lair:2 exclusion: 3 oklob plants
Orc:1 Donald
Orc:2 Azrael


Innate Abilities, Weirdness & Mutations

You are too large for most types of armour.
You have claws for hands.
Your metabolism is lightning-fast.
You like to eat raw meat.
Your natural rate of healing is unusually fast.
You are covered in fur. (AC +1)
You have very tough skin. (AC +2)


Message History

Donald casts a spell.
Donald seems to grow stronger.
You mangle Donald!! You claw Donald!
Donald is almost dead.
Donald says, "Do you think you're a hero?
I hate that."
Donald completely misses you.
You barely miss Donald.
Donald is almost dead.
Donald hits you with a long sword!! Donald blocks your attack. x2
Donald is almost dead.
Donald hits you with a long sword!!! Donald blocks your attack.
Donald is almost dead.
Donald hits you with a long sword!!
* * * LOW HITPOINT WARNING * * *
You claw Donald!
Donald is almost dead.
Donald hits you with a long sword!!!
You die...

### ##.## ##...# ##...##
##.....## #.......#
##...#...### #...##.....##
#@@#####....# ##
#....#....### ##. ###
#....#....#### #..
##.####.<..........# ##.
#...#.##........)..# ##
###....####......)∩).# ##
#.......##........)..####.
###....#.......##......#.#.>
#.#.....#.....###.......^)).


You could see Donald.

Vanquished Creatures
  Gastronok (Lair:2)
  An orc warlord (Orc:1)
  A fire dragon (Lair:6)
  Erica (Orc:1)
  8 hydras
  3 two-headed ogres
  A swamp dragon (Lair:6)
  An orc knight (Orc:1)
  2 ugly things (D:11)
  13 elephants
  A cyclops (D:11)
  A merfolk siren (Lair:3)
  4 black mambas
  2 centaur zombies
  13 spiny frogs
  10 komodo dragons
  3 rime drakes (Lair:6)
  5 jumping spiders (Lair:3)
  The ghost of Doomer the Slasher, an amateur HOFi (D:4)
  3 merfolk (Lair:3)
  3 trolls
  9 polar bears
  18 blink frogs
  4 hippogriffs
  Sigmund (D:4)
  4 basilisks
  Grum (D:8)
  3 wyverns
  2 steam dragons
  36 yaks
  20 water moccasins
  An acid dragon (Lair:6)
  9 porcupines
  3 swamp drakes
  3 sky beasts (D:8)
  11 orc warriors
  8 black bears
  A necrophage (D:8)
  2 phantoms
  2 centaurs
  10 ogres
  9 wolves
  15 crocodiles
  16 bullfrogs
  A wyvern zombie (D:9)
  A water moccasin zombie (D:8)
  4 scorpions
  3 wights
  3 howler monkeys
  2 electric eels
  4 crimson imps
  A bullfrog zombie (D:6)
  A quasit (D:10)
  4 hounds
  4 jellies
  8 orc priests
  Crazy Yiuf (D:6)
  Natasha (thrice) (D:3)
  Terence (D:3)
  9 iguanas
  10 orc wizards
  2 hell rats (Lair:4)
  6 worker ants
  An ogre zombie (D:9)
  A hound skeleton (D:5)
  2 worker ant zombies
  An orc zombie (D:9)
  3 gnolls (D:2)
  A gnoll zombie (D:9)
  19 adders
  A howler monkey skeleton (D:10)
  8 river rats (Lair:4)
  3 shadow imps
  An ooze (D:1)
  3 adder skeletons
  3 worms
  4 dart slugs (D:1)
  58 orcs
  8 bats
  8 giant cockroaches
  13 goblins
  12 hobgoblins
  10 jackals
  20 kobolds
  5 quokkas
  2 ball pythons (D:1)
  6 frilled lizards
  A jackal skeleton (D:4)
  A leopard gecko skeleton (D:4)
  2 leopard gecko zombies
  9 rats
  A fungus (Lair:3)
  A plant (Lair:6)
542 creatures vanquished.

Vanquished Creatures (others)
  3 bushes (D:10)
  15 fungi
  38 plants
56 creatures vanquished.

Grand Total: 598 creatures vanquished

Notes
Turn   | Place    | Note
-------+----------+-------------------------------------------
     0 | D:1      | Megalobster the Troll Monk began the quest for the Orb.
     0 | D:1      | Reached XP level 1. HP: 22/22 MP: 0/0
    88 | D:1      | Reached XP level 2. HP: 26/29 MP: 1/1
   268 | D:1      | Reached XP level 3. HP: 30/36 MP: 2/2
   602 | D:2      | Reached skill level 4 in Unarmed Combat
   607 | D:2      | Reached XP level 4. HP: 39/44 MP: 3/3
  1238 | D:3      | Noticed Terence
  1247 | D:3      | Killed Terence
  1247 | D:3      | Reached XP level 5. HP: 53/53 MP: 4/4
  1444 | D:3      | Noticed Natasha
  1450 | D:3      | Killed Natasha
  1544 | D:3      | Reached skill level 5 in Unarmed Combat
  1944 | D:3      | Noticed Natasha
  1950 | D:3      | Killed Natasha
  1950 | D:3      | Reached XP level 6. HP: 61/61 MP: 5/5
  2015 | D:4      | Noticed Doomer's ghost (amateur HOFi)
  2018 | D:3      | Noticed Natasha
  2023 | D:3      | Killed Natasha
  2146 | D:4      | Reached skill level 6 in Unarmed Combat
  2285 | D:4      | Reached XP level 7. HP: 54/68 MP: 6/6
  2371 | D:4      | Found a shadowy altar of Dithmenos.
  2430 | D:4      | Found Jysha's Gadget Boutique.
  2491 | D:4      | Found a hazy altar of Hepliaklqana.
  2679 | D:4      | Noticed Sigmund
  2687 | D:4      | Killed Sigmund
  2720 | D:4      | Killed Doomer's ghost
  2720 | D:4      | Reached skill level 7 in Unarmed Combat
  2919 | D:5      | Entered Level 5 of the Dungeon
  3047 | D:5      | Reached XP level 8. HP: 79/79 MP: 7/7
  3635 | D:5      | Reached skill level 5 in Dodging
  3635 | D:5      | Reached skill level 8 in Unarmed Combat
  3657 | D:5      | Found a glowing silver altar of Zin.
  3657 | D:5      | Found a snail-covered altar of Cheibriados.
  3657 | D:5      | Found an ornate altar of the Wu Jian Council.
  3657 | D:5      | Found a bloodstained altar of Trog.
  3669 | D:5      | Found a burning altar of Makhleb.
  3669 | D:5      | Found a blossoming altar of Fedhas.
  3794 | D:6      | Found a shadowy altar of Dithmenos.
  3813 | D:6      | Reached skill level 5 in Fighting
  4199 | D:6      | Found a runed door.
  4477 | D:6      | Found Neakhylu's Weapon Shoppe.
  4618 | D:6      | Found a staircase to the Ecumenical Temple.
  4627 | Temple   | Entered the Ecumenical Temple
  4836 | D:6      | Noticed Crazy Yiuf
  4839 | D:6      | Killed Crazy Yiuf
  4961 | D:7      | Found an iron altar of Okawaru.
  4970 | D:7      | Became a worshipper of Warmaster Okawaru
  4970 | D:7      | Reached * piety under Okawaru
  4970 | D:7      | Reached ** piety under Okawaru
  4977 | D:7      | Reached XP level 9. HP: 88/88 MP: 8/8
  5080 | D:7      | Reached skill level 9 in Unarmed Combat
  5123 | D:7      | Reached skill level 1 in Throwing
  5283 | D:7      | Found a glowing golden altar of the Shining One.
  5292 | D:7      | Found a basalt altar of Yredelemnul.
  5378 | D:7      | Found Qacixoj's Magic Scroll Boutique.
  5381 | D:7      | Bought a scroll of identify for 28 gold pieces
  5381 | D:7      | Bought a scroll of identify for 28 gold pieces
  5381 | D:7      | Bought a scroll of blinking for 105 gold pieces
  5381 | D:7      | Bought a scroll of identify for 28 gold pieces
  5381 | D:7      | Bought a scroll of identify for 28 gold pieces
  5852 | D:7      | Noticed an angel
  5886 | D:8      | Reached skill level 1 in Invocations
  6030 | D:8      | Got an ichor-stained scale mail
  6066 | D:8      | Reached *** piety under Okawaru
  6134 | D:8      | Noticed Grum
  6149 | D:8      | Killed Grum
  6376 | D:8      | Found a basalt altar of Yredelemnul.
  6918 | D:8      | You fall through a shaft for 3 floors!
  6919 | D:11     | Reached **** piety under Okawaru
  6919 | D:11     | Reached skill level 10 in Unarmed Combat
  6919 | D:11     | Reached XP level 10. HP: 98/98 MP: 10/10
  6942 | D:11     | Noticed a red ugly thing
  7040 | D:10     | Entered Level 10 of the Dungeon
  7122 | D:9      | Found a transporter.
  7329 | D:9      | Found a white marble altar of Elyvilon.
  7402 | D:9      | Found a transporter.
  7474 | D:9      | Received a gift from Okawaru
  7563 | D:9      | Noticed a two-headed ogre
  7566 | D:9      | Killed a two-headed ogre
  7573 | D:9      | Reached ***** piety under Okawaru
  7573 | D:9      | Reached skill level 5 in Throwing
  7811 | D:9      | Found a shimmering altar of Xom.
  8061 | D:9      | Received a gift from Okawaru
  8139 | D:10     | Found Lopoes's Distillery.
  8333 | D:10     | Found a staircase to the Lair.
  8576 | D:10     | Reached XP level 11. HP: 107/107 MP: 13/13
  8585 | D:10     | Reached skill level 11 in Unarmed Combat
  8673 | D:10     | Got a colourful robe
  8684 | D:10     | Identified the cursed +1 robe of the Trees {+Blink rPois Slay-3} (You found it on level 10 of the Dungeon)
  8729 | D:10     | Found Xomud's Gadget Shop.
  8988 | D:10     | Found Viosypot's Food Shoppe.
  8997 | D:10     | Bought 2 potions of agility for 120 gold pieces
  8997 | D:10     | Bought a potion of flight for 45 gold pieces
  8997 | D:10     | Bought a potion of agility for 60 gold pieces
  8997 | D:10     | Bought a potion of mutation for 120 gold pieces
  9048 | D:10     | Found Biemno Iriji's Antique Weapon Shop.
  9326 | D:10     | Received a gift from Okawaru
  9434 | Lair:1   | Entered Level 1 of the Lair of Beasts
  9698 | Lair:1   | Noticed a five-headed hydra
  9726 | Lair:1   | Killed a five-headed hydra
  9727 | Lair:1   | Received a gift from Okawaru
 10098 | Lair:1   | Reached skill level 5 in Invocations
 10749 | Lair:2   | Noticed Gastronok
 10762 | Lair:2   | Killed Gastronok
 10762 | Lair:2   | Reached skill level 12 in Unarmed Combat
 10762 | Lair:2   | Reached XP level 12. HP: 113/118 MP: 13/15
 10902 | Lair:2   | Noticed a six-headed hydra
 10908 | Lair:2   | Killed a six-headed hydra
 11135 | Lair:2   | Reached ****** piety under Okawaru
 11158 | Lair:2   | Received a gift from Okawaru
 11171 | Lair:2   | Noticed an eight-headed hydra
 11177 | Lair:2   | Killed an eight-headed hydra
 11177 | Lair:2   | Received a gift from Okawaru
 11919 | Lair:3   | Received a gift from Okawaru
 12315 | Lair:3   | Noticed an eight-headed hydra
 12323 | Lair:3   | Noticed a seven-headed hydra
 12328 | Lair:3   | Killed a seven-headed hydra
 12328 | Lair:3   | Reached skill level 13 in Unarmed Combat
 12690 | Lair:3   | Reached XP level 13. HP: 100/127 MP: 16/16
 13061 | Lair:3   | Found a hole to the Spider Nest.
 13215 | Lair:3   | Received a gift from Okawaru
 13350 | Lair:3   | Found a staircase to the Shoals.
 14133 | Lair:4   | Reached skill level 10 in Throwing
 14812 | Lair:5   | Received a gift from Okawaru
 15011 | Lair:5   | HP: 4/128 [seven-headed hydra (8)]
 15311 | Lair:5   | Received a gift from Okawaru
 16147 | Lair:6   | Entered Level 6 of the Lair of Beasts
 16413 | Lair:6   | Reached skill level 1 in Armour
 16592 | Lair:6   | Noticed a fire dragon
 16602 | Lair:6   | Killed a fire dragon
 16602 | Lair:6   | Received a gift from Okawaru
 16602 | Lair:6   | Reached skill level 14 in Unarmed Combat
 16830 | Lair:6   | Found a staircase to the Slime Pits.
 16830 | Lair:6   | Found a viscous altar of Jiyva.
 16913 | Lair:6   | Received a gift from Okawaru
 17072 | Lair:6   | Reached XP level 14. HP: 121/140 MP: 18/18
 18044 | D:11     | Found a staircase to the Orcish Mines.
 19117 | D:10     | Bought a potion of curing for 45 gold pieces
 19117 | D:10     | Bought a potion of curing for 45 gold pieces
 19117 | D:10     | Bought a potion of lignification for 45 gold pieces
 19294 | Orc:1    | Entered Level 1 of the Orcish Mines
 19295 | Orc:1    | Found a flagged portal.
 19335 | Bailey   | Entered a bailey
 19415 | Bailey   | Found a bloodstained altar of Trog.
 19603 | Orc:1    | Noticed Erica
 19615 | Orc:1    | Killed Erica
 19721 | Orc:1    | Noticed an orc warlord
 20021 | Orc:1    | Killed an orc warlord
 20271 | Orc:2    | Entered Level 2 of the Orcish Mines
 20271 | Orc:2    | Noticed Donald
 20275 | Orc:2    | Noticed Azrael
 20284 | Orc:1    | Slain by Donald

Vault maps used:
D:1:      dpeg_arrival_three_bigger_balls, fountainhead
D:3:      uniq_terence, uniq_natasha
D:4:      lemuel_coloured_pillars_altar, serial_shops, nicolae_shop_stone,
          nicolae_dithmenos_the_darkroom, uniq_sigmund
D:5:      minmay_overflow_temple_hex, first_ration, minmay_ogre_servants
D:6:      kennysheep_little_box, temple_hall, serial_shops,
          nicolae_shop_behind_doors, uniq_crazy_yiuf_cottage
D:7:      grunt_temple_overflow_holy_war, okawaru_gym_becter, serial_shops, shop
D:8:      basic_altar, uniq_grum
D:9:      gammafunk_cloud_chamber, old_standard_altar, lemuel_doored_altar
D:10:     minmay_lair_entry_grove, serial_shops, nicolae_shop_behind_doors,
          nicolae_shop_behind_doors, nicolae_shop_statue_plus, shop
D:11:     erik_orc_1, grunt_ogre_cave, kennysheep_generic_room_8
Temple:   kb_temple_of_zot
Lair:1:   grunt_megastairs_2, lemuel_fruit_fields, infiniplex_staircase_pool_2,
          serial_bayou_shore_a
Lair:2:   minmay_lair_oklob_chamber, serial_bayou_shore_b, uniq_gastronok
Lair:3:   beast_lair_carwin_large_4, elwin_shoals_entry_stream,
          nicolae_spider_entry_tight_spaces, minivault_25
Lair:4:   minmay_holes, kennysheep_rathole, serial_bayou_shore_b
Lair:5:   infiniplex_staircase_pool
Lair:6:   guppyfry_lair_end_dragon, slime_altar_1, patterned_corridor
Orc:1:    cheibrodos_orc_arena, enter_bailey_2, uniq_erica
Orc:2:    grunt_orc_cross, basic_altar, uniq_josephine, uniq_donald, uniq_azrael
Bailey:   bailey_axe_3, bailey

Skill      XL: |  1  2  3  4  5  6  7  8  9 10 11 12 13 14 |
---------------+-------------------------------------------+-----
Unarmed Combat | 4 5 6 7 8 10 12 13 14 | 14.3
Dodging        | 3 4 5 6 7 8 9 |  9.2
Fighting       | 3 4 5 6 7 8 9 |  9.2
Throwing       | 3 5 7 9 10 11 | 11.0
Invocations    | 2 4 5 6 7 |  7.9
Armour         | 1 2 |  2.3
Stealth        | |  1.0

Action                   |  1- 3 |  4- 6 |  7- 9 | 10-12 | 13-15 || total
-------------------------+-------+-------+-------+-------+-------++-------
Melee: Unarmed           |    78 |   148 |   310 |   653 |   425 ||  1614
       Punch             |     1 |     5 |    10 |    43 |    39 ||    98
       Hand axe          |       |       |     8 |       |       ||     8
Throw: Tomahawk          |       |       |       |    75 |   141 ||   216
       Large rock        |       |       |       |    35 |    61 ||    96
       Stone             |       |       |       |    15 |     7 ||    22
       Javelin           |       |       |       |       |     6 ||     6
  Use: Potion            |       |     2 |       |     8 |     4 ||    14
       Scroll            |       |       |    14 |     8 |     2 ||    24
 Stab: Sleeping          |     2 |     1 |     6 |     6 |       ||    15
       Confused          |       |       |       |       |     1 ||     1
       Distracted        |       |       |       |       |     2 ||     2
  Eat: Chunk             |    11 |    16 |    40 |    55 |    69 ||   191
Armor: Robe              |    17 |    42 |    21 |    62 |    76 ||   218
       Steam dragon scal |       |       |    56 |   170 |       ||   226
       Skin              |       |       |       |       |    44 ||    44
Dodge: Dodged            |    36 |    97 |   184 |   640 |   284 ||  1241
Block: Other             |       |       |       |    81 |    42 ||   123
       Reflection        |       |       |       |     1 |     1 ||     2

Table legend:
 A = Spawn XP
 B = Non-spawn XP
 C = Spawn XP percentage of total XP
 D = Spawn monster count
 E = Non-spawn monster count
 F = Spawn count percentage of total count
 G = Total turns spent on level
                    A         B        C        D         E        F      G
               +---------+---------+-------+---------+---------+-------+---------
         Total |       0 |   77319 |   0.0 |       0 |     540 |   0.0 | 20284
               +---------+---------+-------+---------+---------+-------+---------
           D:1 |       0 |      59 |   0.0 |       0 |      30 |   0.0 |   550
           D:2 |       0 |     134 |   0.0 |       0 |      32 |   0.0 |   727
           D:3 |       0 |     228 |   0.0 |       0 |      22 |   0.0 |   881
           D:4 |       0 |     970 |   0.0 |       0 |      20 |   0.0 |   964
           D:5 |       0 |     650 |   0.0 |       0 |      33 |   0.0 |   856
           D:6 |       0 |     722 |   0.0 |       0 |      17 |   0.0 |  1096
           D:7 |       0 |     521 |   0.0 |       0 |      15 |   0.0 |  1015
           D:8 |       0 |    2218 |   0.0 |       0 |      24 |   0.0 |  1158
           D:9 |       0 |    4587 |   0.0 |       0 |      44 |   0.0 |  1419
          D:10 |       0 |    3440 |   0.0 |       0 |      27 |   0.0 |  1113
          D:11 |       0 |    5485 |   0.0 |       0 |      44 |   0.0 |  1031
        Lair:1 |       0 |    4922 |   0.0 |       0 |      22 |   0.0 |  1215
        Lair:2 |       0 |    8734 |   0.0 |       0 |      26 |   0.0 |  1550
        Lair:3 |       0 |   14450 |   0.0 |       0 |      51 |   0.0 |  1775
        Lair:4 |       0 |    6842 |   0.0 |       0 |      31 |   0.0 |  1215
        Lair:5 |       0 |    6437 |   0.0 |       0 |      21 |   0.0 |  1264
        Lair:6 |       0 |   12847 |   0.0 |       0 |      45 |   0.0 |  1358
         Orc:1 |       0 |    3646 |   0.0 |       0 |      20 |   0.0 |   727
        Bailey |       0 |     427 |   0.0 |       0 |      16 |   0.0 |   257
               +---------+---------+-------+---------+---------+-------+---------
